cohdb
Replays
Latest Replays
All Replays
Popular Replays
Top Player Replays
Match Explorer
How It Works
Community
CoH3 Stats
Reddit
Sign in to upload your games and track your stats! →
Sign in with Steam
Match 42909222
Unlisted
Match 42909222
Overview
Messages
Build Orders
End
Selects Heavy Weapons
Engineer Squad
Construct Weapon Support Center
M1919 Machine Gun Team
Bazooka Squad
Engineer Squad
Selects M2HB .50cal Heavy Machine Gun
Mechanized Support Center
Selects Assault Carriers
Selects Assault Carriers
M3 Assault Carrier
Engineer Squad
Improvised Armor
M4A1 76mm Conversion
Construct Tank Depot
Bazooka Squad
M4A1(76) Sherman Medium Tank
Salvage Crew
M4A1(76) Sherman Medium Tank
Engineer Squad
M3 Assault Carrier
Selects Exchangeable Parts
M4A1(76) Sherman Medium Tank
Designate Forward Repair Station
Selects M26 Pershing Heavy Tank
M26 Pershing Heavy Tank
Selects Rapid Reposition
Selects Black Dragon Artillery Barrage
Black Dragon Artillery Barrage
Bazooka Squad
Bazooka Squad
Bazooka Squad
Bazooka Squad
Engineer Squad
Engineer Squad
Engineer Squad
Mishkashmoodle
NuteGunray
意如亦戊
Skuldar02
ShiningRay
Arcade
Moltke1871
Rashomon
0
0
Comments
sign in to comment!
No comments posted yet!